Colorado Rockies vs Arizona Coyotes
(R1)
Created - Sunday, February 11, 2024 at 07:19
Goals
|
| Colorado Rockies |
0 |
2 |
0 |
2 |
| Arizona Coyotes |
0 |
0 |
4 |
4 |
|
Shots
|
| Colorado Rockies |
6 |
15 |
11 |
32 |
| Arizona Coyotes |
15 |
8 |
14 |
37 |
|
1st period
No Goal
Penalties :
Vince Dunn (COL) for Hooking (Minor) at 1:19, Nikita Zadorov (COL) for Hooking (Minor) at 6:37, Evgeny Kuznetsov (COL) for Interference (Minor) at 19:51
2nd period
1. Colorado Rockies , Jesper Bratt 1 (Victor Hedman 2, Quinn Hughes 4) at 12:00 (PP)
2. Colorado Rockies , Michael Bunting 1 (Kyle Palmieri 1, Nick Bonino 1) at 17:27
Penalties :
Evgeny Kuznetsov (COL) for Interference (Minor) at 3:18, T.J. Oshie (AZC) for Hooking (Minor) at 4:23, T.J. Oshie (AZC) for Holding (Minor) at 11:13, Quinn Hughes (COL) for Interference (Minor) at 19:23
3rd period
3. Arizona Coyotes , Dmitry Orlov 1 (Charlie Coyle 4, Mats Zuccarello 4) at 0:16 (PP)
4. Arizona Coyotes , Dmitry Orlov 2 (T.J. Oshie 3) at 1:02 (PP)
5. Arizona Coyotes , Mats Zuccarello 2 (Charlie Coyle 5, Claude Giroux 3) at 14:21 (PP)
6. Arizona Coyotes , Charlie Coyle 1 (Brayden McNabb 2, Claude Giroux 4) at 19:59 (Empty Net)
Penalties :
Quinn Hughes (COL) for Tripping (Minor) at 0:31, Nikita Zadorov (COL) for Tripping (Minor) at 2:57, Evgeny Kuznetsov (COL) for Hooking (Minor) at 5:29, Erik Haula (AZC) for Hooking (Minor) at 8:07, Nikita Kucherov (COL) for Charging (Minor) at 14:07
Goalie Stats
Joey Daccord (COL), 33 saves from 36 shots - (0.917), L, 1-3-1, 58:42 minutes
Carter Hart (AZC), 30 saves from 32 shots - (0.938), W, 4-3-0, 60:00 minutes
Players Stats for Colorado Rockies
Player Name G A P +/- PIM S H SB GA TA FO MP PP MP PK MP
------------------------------------------------------------------------------------
Andrew Peeke 0 0 0 0 0 3 0 1 0 3 0/0 25:05 1:18 6:09
David Pastrnak 0 0 0 0 0 2 1 0 0 0 0/1 13:38 2:11 0:00
Evgeny Kuznetsov 0 0 0 0 6 1 1 0 0 0 4/8 10:40 0:03 0:00
Jesper Bratt 1 0 1 0 0 2 0 0 0 1 0/0 13:48 2:08 0:04
Kevin Hayes 0 0 0 0 0 0 2 1 1 0 0/0 10:06 0:00 0:09
Kyle Connor 0 0 0 -1 0 0 1 0 1 0 0/0 13:43 1:40 0:00
Kyle Palmieri 0 1 1 1 0 3 0 0 0 0 0/0 7:49 0:00 0:00
Martin Fehervary 0 0 0 1 0 1 1 0 0 1 0/0 14:50 0:00 6:09
Michael Bunting 1 0 1 1 0 3 0 0 0 0 0/0 8:28 0:00 0:00
Nick Bonino 0 1 1 1 0 5 2 2 0 1 6/12 14:53 0:00 6:06
Nick Schmaltz 0 0 0 0 0 1 0 0 0 0 0/0 17:10 0:00 6:23
Nikita Kucherov 0 0 0 -1 2 2 1 0 1 0 0/0 14:09 1:40 0:00
Nikita Zadorov 0 0 0 1 4 1 0 2 0 0 0/0 12:57 0:00 4:26
Quinn Hughes 0 1 1 -1 4 1 1 3 1 1 0/0 21:43 2:33 0:31
Ryan O'Reilly 0 0 0 -1 0 2 2 0 1 1 14/27 21:11 2:11 6:23
Tim Stutzle 0 0 0 0 0 2 0 0 2 0 7/16 19:44 1:40 6:11
Victor Hedman 0 1 1 -1 0 2 1 0 1 2 0/0 26:49 2:33 6:29
Vince Dunn 0 0 0 0 2 1 0 1 0 0 0/0 19:36 1:18 1:32
Players Stats for Arizona Coyotes
Player Name G A P +/- PIM S H SB GA TA FO MP PP MP PK MP
------------------------------------------------------------------------------------
Alex Belzile 0 0 0 -1 0 1 1 0 0 0 4/7 6:26 0:00 0:00
Brandon Tanev 0 0 0 -1 0 4 1 0 1 1 0/0 6:57 0:01 0:03
Brayden McNabb 0 1 1 0 0 1 0 3 0 0 0/0 26:23 6:48 2:11
Charlie Coyle 1 2 3 1 0 3 1 1 1 2 18/36 23:24 7:24 1:54
Claude Giroux 0 2 2 1 0 4 2 0 1 0 2/2 23:24 7:24 1:54
Dmitry Orlov 2 0 2 0 0 5 0 0 0 1 0/0 26:23 6:48 2:11
Erik Haula 0 0 0 0 2 0 0 1 0 0 3/3 12:09 0:01 0:44
Jakob Silfverberg 0 0 0 0 0 1 0 1 0 0 0/0 11:55 0:00 0:53
James van Riemsdyk 0 0 0 -1 0 1 0 1 2 0 0/0 6:26 0:00 0:00
Jani Hakanpaa 0 0 0 0 0 2 1 1 0 1 0/0 21:40 5:50 1:40
Jared Spurgeon 0 0 0 0 0 2 0 1 1 1 0/0 21:40 5:50 1:40
Mason McTavish 0 0 0 0 0 1 2 0 1 0 1/1 17:01 5:13 0:37
Mats Zuccarello 1 1 2 1 0 3 1 0 2 0 1/6 21:42 7:24 0:00
Matt Dumba 0 0 0 0 0 0 1 0 0 0 0/0 11:57 0:00 0:00
Ondrej Palat 0 0 0 0 0 3 0 0 0 1 0/1 11:16 0:01 0:00
Radko Gudas 0 0 0 0 0 1 1 0 0 1 0/0 11:57 0:00 0:00
T.J. Oshie 0 1 1 0 4 3 0 0 0 0 0/0 16:12 5:12 0:00
Tyler Seguin 0 0 0 0 0 2 1 0 1 0 4/8 18:20 5:13 1:37
3 Stars
1 - Charlie Coyle (AZC)
2 - Dmitry Orlov (AZC)
3 - Mats Zuccarello (AZC)
Power Play
Colorado Rockies - 1 on 3 Attempt(s) - 33.33%
Arizona Coyotes - 3 on 9 Attempt(s) - 33.33%
Penalty Kill
Colorado Rockies - 6 on 9 Attempt(s) - 66.67%
- Score 0 goal in Penalty Kill
Arizona Coyotes - 2 on 3 Attempt(s) - 66.67%
- Score 0 goal in Penalty Kill
Team Stat
Colorado Rockies - Hits : 13 - Faceoff Wins : 31 - Blocked Shots : 10 - Penalty Minutes : 18
Arizona Coyotes - Hits : 12 - Faceoff Wins : 33 - Blocked Shots : 9 - Penalty Minutes : 6
Official
Referees : Ian Walsh and Dan O'Rourke
Linesman : Derek Nansen and Mark Wheler
Game Notes
Charlie Coyle has scored in a empty net!
Finance
Level 1 -- Attendance: 6000 (100.00%) -- Ticket Income $564,000
Level 2 -- Attendance: 4915 (98.30%) -- Ticket Income $275,240
Level 3 -- Attendance: 3000 (100.00%) -- Ticket Income $96,000
Level 4 -- Attendance: 4517 (90.34%) -- Ticket Income $99,374
Luxury Box -- Attendance: 941 (94.10%) -- Ticket Income $181,613
Game was played at the Gila River Arena.
Total Attendance: 19373 (96.87%)
Total Ticket Income: $1,216,227
Other Income: $425,679
Total Income: $1,641,906
Colorado Rockies
5 vs 5 Forward
Center Left Wing Right Wing Time % Phy DF OF
1 Ryan O'Reilly Kyle Connor Nikita Kucherov 30 1 2 2
2 Tim Stutzle Jesper Bratt David Pastrnak 30 1 2 2
3 Evgeny Kuznetsov Nick Schmaltz Kevin Hayes 25 1 2 2
4 Nick Bonino Michael Bunting Kyle Palmieri 15 1 2 2
5 vs 5 Defense
Defense Defense Time % Phy DF OF
1 Victor Hedman Quinn Hughes 42 1 2 2
2 Vince Dunn Andrew Peeke 36 1 2 2
3 Martin Fehervary Nikita Zadorov 22 1 2 2
4 Victor Hedman Quinn Hughes 0 1 2 2
PowerPlay Forward
Center Left Wing Right Wing Time % Phy DF OF
1 Tim Stutzle Kyle Connor Nikita Kucherov 50 1 2 2
2 Ryan O'Reilly Jesper Bratt David Pastrnak 50 1 2 2
PowerPlay Defense
Defense Defense Time % Phy DF OF
1 Victor Hedman Quinn Hughes 50 1 2 2
2 Vince Dunn Andrew Peeke 50 1 2 2
Penalty Kill 4 Players Forward
Center Wing Time % Phy DF OF
1 Ryan O'Reilly Nick Schmaltz 50 1 2 2
2 Nick Bonino Tim Stutzle 50 1 2 2
Penalty Kill 4 Players Defense
Defense Defense Time % Phy DF OF
1 Martin Fehervary Andrew Peeke 50 1 2 2
2 Victor Hedman Nikita Zadorov 50 1 2 2
Penalty Kill - 3 Players Forward
Forward Time % Phy DF OF
1 Ryan O'Reilly 50 1 2 2
2 Nick Bonino 50 1 2 2
Penalty Kill - 3 Players Defense
Defense Defense Time % Phy DF OF
1 Andrew Peeke Victor Hedman 50 1 2 2
2 Martin Fehervary Nikita Zadorov 50 1 2 2
4 vs 4 Forward
Center Wing Time % Phy DF OF
1 Tim Stutzle Nikita Kucherov 50 1 2 2
2 Ryan O'Reilly David Pastrnak 50 1 2 2
4 vs 4 Defense
Defense Defense Time % Phy DF OF
1 Victor Hedman Quinn Hughes 50 1 2 2
2 Vince Dunn Andrew Peeke 50 1 2 2
Last Minutes Offensive
Center Left Wing Right Wing Defense Defense
Ryan O'Reilly Kyle Connor Nikita Kucherov Victor Hedman Quinn Hughes
Last Minutes Defensive
Center Left Wing Right Wing Defense Defense
Ryan O'Reilly Kyle Connor Nikita Kucherov Victor Hedman Quinn Hughes
Goaltenders
Starting : Joey Daccord
Backup : Andrei Vasilevskiy
Extra Forwards
Normal : Michael Bunting, Nick Schmaltz, Evgeny Kuznetsov - PP : Michael Bunting, Nick Schmaltz - PK : Evgeny Kuznetsov
Extra Defensemen
Normal : Martin Fehervary, Nikita Zadorov, Vince Dunn - PP : Martin Fehervary - PK : Nikita Zadorov, Vince Dunn
Penalty Shots
Evgeny Kuznetsov, Michael Bunting, Nikita Kucherov, Tim Stutzle, Nick Bonino
Arizona Coyotes
5 vs 5 Forward
Center Left Wing Right Wing Time % Phy DF OF
1 Charlie Coyle Mats Zuccarello Claude Giroux 35 0 2 3
2 Tyler Seguin Mason McTavish T.J. Oshie 30 0 2 3
3 Erik Haula Ondrej Palat Jakob Silfverberg 25 1 2 2
4 Alex Belzile James van Riemsdyk Brandon Tanev 10 1 2 2
5 vs 5 Defense
Defense Defense Time % Phy DF OF
1 Dmitry Orlov Brayden McNabb 40 1 2 2
2 Jani Hakanpaa Jared Spurgeon 35 1 2 2
3 Radko Gudas Matt Dumba 25 1 2 2
4 Dmitry Orlov Brayden McNabb 0 1 2 2
PowerPlay Forward
Center Left Wing Right Wing Time % Phy DF OF
1 Charlie Coyle Mats Zuccarello Claude Giroux 60 0 2 3
2 Tyler Seguin Mason McTavish T.J. Oshie 40 0 2 3
PowerPlay Defense
Defense Defense Time % Phy DF OF
1 Dmitry Orlov Brayden McNabb 50 1 2 2
2 Jani Hakanpaa Jared Spurgeon 50 1 2 2
Penalty Kill 4 Players Forward
Center Wing Time % Phy DF OF
1 Charlie Coyle Claude Giroux 55 1 2 2
2 Tyler Seguin Erik Haula 45 1 2 2
Penalty Kill 4 Players Defense
Defense Defense Time % Phy DF OF
1 Dmitry Orlov Brayden McNabb 50 1 3 1
2 Jani Hakanpaa Jared Spurgeon 50 1 3 1
Penalty Kill - 3 Players Forward
Forward Time % Phy DF OF
1 Tyler Seguin 50 1 2 2
2 Mason McTavish 50 1 2 2
Penalty Kill - 3 Players Defense
Defense Defense Time % Phy DF OF
1 Dmitry Orlov Brayden McNabb 50 1 3 1
2 Jani Hakanpaa Jared Spurgeon 50 1 3 1
4 vs 4 Forward
Center Wing Time % Phy DF OF
1 Charlie Coyle Claude Giroux 50 0 2 3
2 Mats Zuccarello Tyler Seguin 50 0 2 3
4 vs 4 Defense
Defense Defense Time % Phy DF OF
1 Dmitry Orlov Brayden McNabb 50 1 2 2
2 Jani Hakanpaa Jared Spurgeon 50 1 2 2
Last Minutes Offensive
Center Left Wing Right Wing Defense Defense
Charlie Coyle Mats Zuccarello Claude Giroux Dmitry Orlov Brayden McNabb
Last Minutes Defensive
Center Left Wing Right Wing Defense Defense
Charlie Coyle Mats Zuccarello Claude Giroux Dmitry Orlov Brayden McNabb
Goaltenders
Starting : Carter Hart
Backup : Jaroslav Halak
Extra Forwards
Normal : Erik Haula, Ondrej Palat, Jakob Silfverberg - PP : Erik Haula, Ondrej Palat - PK : Jakob Silfverberg
Extra Defensemen
Normal : Radko Gudas, Matt Dumba, Jani Hakanpaa - PP : Radko Gudas - PK : Matt Dumba, Jani Hakanpaa
Penalty Shots
Charlie Coyle, Claude Giroux, Mats Zuccarello, Tyler Seguin, Mason McTavish
% Time on Ice - Colorado Rockies
Lines # - Real PCT - Wanted PCT - Time Play
Normal Forward
1 - 28% - 30% - 11:44
2 - 29% - 30% - 11:58
3 - 24% - 25% - 9:57
4 - 19% - 15% - 7:49
Normal Defense
1 - 43% - 42% - 17:44
2 - 38% - 36% - 15:38
3 - 20% - 22% - 8:06
4 - 0% - 0% - 0:00
PP Forward
1 - 43% - 50% - 1:40
2 - 57% - 50% - 2:11
PP Defense
1 - 66% - 50% - 2:33
2 - 34% - 50% - 1:18
PK Forward
1 - 51% - 50% - 6:23
2 - 49% - 50% - 6:15
PK Defense
1 - 49% - 50% - 6:09
2 - 51% - 50% - 6:29
PK3 Forward
1 - 0% - 50%
2 - 0% - 50%
PK3 Defense
1 - 0% - 50%
2 - 0% - 50%
44 Forward
1 - 50% - 50% - 0:27
2 - 50% - 50% - 0:27
44 Defense
1 - 0% - 50% - 0:00
2 - 100% - 50% - 0:54
Last Minute Offensive - 1:09
Last Minute Defensive - 0:00
Total
Forward - 60:00
Defense - 60:00
|
% Time on Ice - Arizona Coyotes
Lines # - Real PCT - Wanted PCT - Time Play
Normal Forward
1 - 31% - 35% - 12:58
2 - 27% - 30% - 11:07
3 - 26% - 25% - 10:58
4 - 16% - 10% - 6:26
Normal Defense
1 - 37% - 40% - 15:26
2 - 34% - 35% - 14:06
3 - 29% - 25% - 11:57
4 - 0% - 0% - 0:00
PP Forward
1 - 59% - 60% - 7:25
2 - 41% - 40% - 5:13
PP Defense
1 - 54% - 50% - 6:48
2 - 46% - 50% - 5:50
PK Forward
1 - 55% - 55% - 2:08
2 - 45% - 45% - 1:43
PK Defense
1 - 57% - 50% - 2:11
2 - 43% - 50% - 1:40
PK3 Forward
1 - 0% - 50%
2 - 0% - 50%
PK3 Defense
1 - 0% - 50%
2 - 0% - 50%
44 Forward
1 - 39% - 50% - 0:21
2 - 61% - 50% - 0:33
44 Defense
1 - 93% - 50% - 0:50
2 - 7% - 50% - 0:04
Last Minute Offensive - 0:00
Last Minute Defensive - 1:08
Total
Forward - 60:00
Defense - 60:00
|
Play-by-Play
1st period
0:01 of 1st period - Ryan O'Reilly wins face-off versus Charlie Coyle in neutral zone.
1:19 of 1st period - Minor Penalty to Vince Dunn for Hooking.
1:20 of 1st period - Ryan O'Reilly wins face-off versus Charlie Coyle in Colorado Rockies zone.
1:57 of 1st period - Nick Bonino is hit by Tyler Seguin and loses puck.
3:19 of 1st period - Penalty to Vince Dunn is over, Vince Dunn is back on ice.
4:01 of 1st period - Wrist shot by Nick Schmaltz.
4:01 of 1st period - Stopped by Carter Hart with a rebound.
4:03 of 1st period - Slapshot by Martin Fehervary.
4:03 of 1st period - Stopped by Carter Hart without a rebound.
4:04 of 1st period - Tim Stutzle wins face-off versus Alex Belzile in Arizona Coyotes zone.
4:13 of 1st period - Slapshot by Brandon Tanev.
4:13 of 1st period - Stopped by Joey Daccord with a rebound.
5:08 of 1st period - Jesper Bratt is hit by Alex Belzile and loses puck.
5:29 of 1st period - Backhand shot by Kyle Palmieri.
5:29 of 1st period - Stopped by Carter Hart without a rebound.
5:30 of 1st period - Erik Haula wins face-off versus Nick Bonino in Arizona Coyotes zone.
6:07 of 1st period - Snap shot by Ondrej Palat.
6:07 of 1st period - Stopped by Joey Daccord without a rebound.
6:08 of 1st period - Charlie Coyle wins face-off versus Evgeny Kuznetsov in Colorado Rockies zone.
6:13 of 1st period - Snap shot by Claude Giroux.
6:13 of 1st period - Stopped by Joey Daccord without a rebound.
6:14 of 1st period - Evgeny Kuznetsov wins face-off versus Mats Zuccarello in Colorado Rockies zone.
6:29 of 1st period - Snap shot by Mats Zuccarello.
6:29 of 1st period - Stopped by Joey Daccord with a rebound.
6:37 of 1st period - Minor Penalty to Nikita Zadorov for Hooking.
6:38 of 1st period - Ryan O'Reilly wins face-off versus Mats Zuccarello in Colorado Rockies zone.
7:12 of 1st period - Snap shot by T.J. Oshie.
7:12 of 1st period - Stopped by Joey Daccord without a rebound.
7:13 of 1st period - Mason McTavish wins face-off versus Nick Bonino in Colorado Rockies zone.
7:16 of 1st period - Snap shot by T.J. Oshie.
7:16 of 1st period - Shot Blocked by Nick Bonino.
7:28 of 1st period - Snap shot by Mason McTavish.
7:28 of 1st period - Stopped by Joey Daccord without a rebound.
7:29 of 1st period - Charlie Coyle wins face-off versus Ryan O'Reilly in Colorado Rockies zone.
8:08 of 1st period - Wrist shot by T.J. Oshie.
8:08 of 1st period - Shot Misses the Net.
8:37 of 1st period - Penalty to Nikita Zadorov is over, Nikita Zadorov is back on ice.
8:51 of 1st period - Icing by Jared Spurgeon.
8:52 of 1st period - Ryan O'Reilly wins face-off versus Ondrej Palat in Arizona Coyotes zone.
9:05 of 1st period - Kyle Connor is hit by Jani Hakanpaa.
9:11 of 1st period - Jakob Silfverberg is hit by Ryan O'Reilly and loses puck.
9:18 of 1st period - Snap shot by Jani Hakanpaa.
9:18 of 1st period - Stopped by Joey Daccord with a rebound.
9:20 of 1st period - Slapshot by Jared Spurgeon.
9:20 of 1st period - Stopped by Joey Daccord with a rebound.
9:22 of 1st period - Slapshot by Jared Spurgeon.
9:22 of 1st period - Stopped by Joey Daccord with a rebound.
9:24 of 1st period - Backhand shot by Jani Hakanpaa.
9:24 of 1st period - Deflect By Ondrej Palat.
9:24 of 1st period - Shot Misses the Net.
9:24 of 1st period - Puck is out of play.
9:25 of 1st period - Evgeny Kuznetsov wins face-off versus Charlie Coyle in Colorado Rockies zone.
9:32 of 1st period - Mats Zuccarello is hit by Kevin Hayes and loses puck.
11:22 of 1st period - Slapshot by David Pastrnak.
11:22 of 1st period - Deflect By Tim Stutzle.
11:22 of 1st period - Shot Misses the Net.
11:22 of 1st period - Puck is out of play.
11:23 of 1st period - Charlie Coyle wins face-off versus Ryan O'Reilly in Arizona Coyotes zone.
11:38 of 1st period - Slapshot by Claude Giroux.
11:38 of 1st period - Stopped by Joey Daccord with a rebound.
11:40 of 1st period - Wrist shot by Charlie Coyle.
11:40 of 1st period - Stopped by Joey Daccord without a rebound.
11:41 of 1st period - Tyler Seguin wins face-off versus Tim Stutzle in Colorado Rockies zone.
11:47 of 1st period - Icing by David Pastrnak.
11:48 of 1st period - Tim Stutzle wins face-off versus Tyler Seguin in Colorado Rockies zone.
12:39 of 1st period - Slapshot by Nick Schmaltz.
12:39 of 1st period - Shot Misses the Net.
12:55 of 1st period - Wrist shot by Michael Bunting.
12:55 of 1st period - Stopped by Carter Hart with a rebound.
13:03 of 1st period - Wrist shot by James van Riemsdyk.
13:03 of 1st period - Stopped by Joey Daccord with a rebound.
13:44 of 1st period - Slapshot by Claude Giroux.
13:44 of 1st period - Deflect By Charlie Coyle.
13:44 of 1st period - Stopped by Joey Daccord with a rebound.
13:53 of 1st period - Off-side.
13:54 of 1st period - Charlie Coyle wins face-off versus Evgeny Kuznetsov in neutral zone.
14:07 of 1st period - Slapshot by Mats Zuccarello.
14:07 of 1st period - Shot Misses the Net.
14:21 of 1st period - Tyler Seguin is hit by Kyle Connor and loses puck.
15:48 of 1st period - Icing by Mason McTavish.
15:49 of 1st period - Tyler Seguin wins face-off versus Ryan O'Reilly in Arizona Coyotes zone.
15:49 of 1st period - Tyler Seguin is hit by Quinn Hughes.
15:55 of 1st period - Snap shot by T.J. Oshie.
15:55 of 1st period - Stopped by Joey Daccord without a rebound.
15:56 of 1st period - Charlie Coyle wins face-off versus David Pastrnak in Colorado Rockies zone.
16:51 of 1st period - Wrist shot by Ondrej Palat.
16:51 of 1st period - Stopped by Joey Daccord with a rebound.
17:05 of 1st period - Dmitry Orlov is hit by Nick Bonino and loses puck.
17:12 of 1st period - Wrist shot by Kyle Palmieri.
17:12 of 1st period - Shot Blocked by Jared Spurgeon.
17:41 of 1st period - Snap shot by Tim Stutzle.
17:41 of 1st period - Stopped by Carter Hart with a rebound.
17:43 of 1st period - Backhand shot by Andrew Peeke.
17:43 of 1st period - Deflect By Mats Zuccarello.
17:43 of 1st period - Stopped by Carter Hart without a rebound.
17:44 of 1st period - Ryan O'Reilly wins face-off versus Tyler Seguin in Arizona Coyotes zone.
18:44 of 1st period - Wrist shot by Tim Stutzle.
18:44 of 1st period - Shot Misses the Net.
19:34 of 1st period - Wrist shot by Mason McTavish.
19:34 of 1st period - Shot Misses the Net.
19:36 of 1st period - Snap shot by Tyler Seguin.
19:36 of 1st period - Shot Misses the Net.
19:51 of 1st period - Minor Penalty to Evgeny Kuznetsov for Interference.
19:52 of 1st period - Nick Bonino wins face-off versus Charlie Coyle in Colorado Rockies zone.
19:52 of 1st period - Nick Bonino is hit by Charlie Coyle.
Goals for this period are 0 for Colorado Rockies vs 0 for Arizona Coyotes.
Shots for this period are 6 for Colorado Rockies vs 15 for Arizona Coyotes.
2nd period
0:01 of 2nd period - Claude Giroux wins face-off versus Nick Bonino in neutral zone.
0:04 of 2nd period - Nick Bonino is hit by Claude Giroux.
0:41 of 2nd period - Nikita Zadorov is hit by Mats Zuccarello and loses puck.
1:16 of 2nd period - Nick Schmaltz is hit by Mason McTavish and loses puck.
1:51 of 2nd period - Penalty to Evgeny Kuznetsov is over, Evgeny Kuznetsov is back on ice.
2:11 of 2nd period - Wrist shot by Nikita Kucherov.
2:11 of 2nd period - Stopped by Carter Hart with a rebound.
2:26 of 2nd period - Off-side.
2:27 of 2nd period - Alex Belzile wins face-off versus Tim Stutzle in neutral zone.
2:36 of 2nd period - Wrist shot by Brandon Tanev.
2:36 of 2nd period - Stopped by Joey Daccord without a rebound.
2:37 of 2nd period - Ryan O'Reilly wins face-off versus Tyler Seguin in Colorado Rockies zone.
2:52 of 2nd period - Wrist shot by Tyler Seguin.
2:52 of 2nd period - Deflect By T.J. Oshie.
2:52 of 2nd period - Stopped by Joey Daccord with a rebound.
3:18 of 2nd period - Minor Penalty to Evgeny Kuznetsov for Interference.
3:19 of 2nd period - Nick Bonino wins face-off versus Charlie Coyle in Colorado Rockies zone.
3:45 of 2nd period - Wrist shot by Tyler Seguin.
3:45 of 2nd period - Stopped by Joey Daccord with a rebound.
4:23 of 2nd period - Minor Penalty to T.J. Oshie for Hooking.
4:24 of 2nd period - Mats Zuccarello wins face-off versus Tim Stutzle in Arizona Coyotes zone.
4:29 of 2nd period - Snap shot by Tyler Seguin.
4:29 of 2nd period - Stopped by Joey Daccord without a rebound.
4:30 of 2nd period - Tim Stutzle wins face-off versus Mats Zuccarello in Colorado Rockies zone.
4:47 of 2nd period - Slapshot by Tim Stutzle.
4:47 of 2nd period - Stopped by Carter Hart with a rebound.
5:18 of 2nd period - Penalty to Evgeny Kuznetsov is over, Evgeny Kuznetsov is back on ice.
6:19 of 2nd period - Victor Hedman is hit by Mason McTavish and loses puck.
6:23 of 2nd period - Penalty to T.J. Oshie is over, T.J. Oshie is back on ice.
6:31 of 2nd period - Icing by James van Riemsdyk.
6:32 of 2nd period - Alex Belzile wins face-off versus Evgeny Kuznetsov in Arizona Coyotes zone.
7:01 of 2nd period - Wrist shot by Mason McTavish.
7:01 of 2nd period - Shot Blocked by Nikita Zadorov.
7:03 of 2nd period - Snap shot by Tyler Seguin.
7:03 of 2nd period - Shot Blocked by Nikita Zadorov.
7:31 of 2nd period - Snap shot by Kyle Palmieri.
7:31 of 2nd period - Shot Misses the Net.
7:42 of 2nd period - Off-side.
7:43 of 2nd period - Charlie Coyle wins face-off versus Tim Stutzle in neutral zone.
7:43 of 2nd period - Charlie Coyle is hit by David Pastrnak.
8:00 of 2nd period - Snap shot by David Pastrnak.
8:00 of 2nd period - Stopped by Carter Hart without a rebound.
8:01 of 2nd period - Tyler Seguin wins face-off versus Ryan O'Reilly in Arizona Coyotes zone.
8:49 of 2nd period - Slapshot by Claude Giroux.
8:49 of 2nd period - Deflect By Mats Zuccarello.
8:49 of 2nd period - Shot Misses the Net.
8:49 of 2nd period - Puck is out of play.
8:50 of 2nd period - Evgeny Kuznetsov wins face-off versus Charlie Coyle in Colorado Rockies zone.
8:57 of 2nd period - Slapshot by Victor Hedman.
8:57 of 2nd period - Shot Misses the Net.
9:01 of 2nd period - Wrist shot by Nick Schmaltz.
9:01 of 2nd period - Deflect By Evgeny Kuznetsov.
9:01 of 2nd period - Shot Misses the Net.
9:01 of 2nd period - Puck is out of play.
9:02 of 2nd period - Charlie Coyle wins face-off versus Ryan O'Reilly in Arizona Coyotes zone.
9:58 of 2nd period - Wrist shot by James van Riemsdyk.
9:58 of 2nd period - Shot Misses the Net.
10:00 of 2nd period - Slapshot by Dmitry Orlov.
10:00 of 2nd period - Stopped by Joey Daccord with a rebound.
10:02 of 2nd period - Wrist shot by Brandon Tanev.
10:02 of 2nd period - Shot Blocked by Vince Dunn.
10:04 of 2nd period - Slapshot by James van Riemsdyk.
10:04 of 2nd period - Shot Misses the Net.
10:40 of 2nd period - Kyle Connor is hit by Claude Giroux and loses puck.
11:13 of 2nd period - Minor Penalty to T.J. Oshie for Holding.
11:14 of 2nd period - Ryan O'Reilly wins face-off versus Charlie Coyle in Arizona Coyotes zone.
11:19 of 2nd period - Wrist shot by Jesper Bratt.
11:19 of 2nd period - Shot Misses the Net.
11:21 of 2nd period - Snap shot by Victor Hedman.
11:21 of 2nd period - Deflect By Charlie Coyle.
11:21 of 2nd period - Stopped by Carter Hart with a rebound.
11:23 of 2nd period - Slapshot by David Pastrnak.
11:23 of 2nd period - Deflect By Ryan O'Reilly.
11:23 of 2nd period - Stopped by Carter Hart without a rebound.
11:24 of 2nd period - Claude Giroux wins face-off versus Ryan O'Reilly in Arizona Coyotes zone.
11:24 of 2nd period - Claude Giroux is hit by Ryan O'Reilly.
11:54 of 2nd period - Wrist shot by Ryan O'Reilly.
11:54 of 2nd period - Shot Blocked by Erik Haula.
11:56 of 2nd period - Slapshot by Quinn Hughes.
11:56 of 2nd period - Stopped by Carter Hart with a rebound.
11:58 of 2nd period - Snap shot by Victor Hedman.
11:58 of 2nd period - Stopped by Carter Hart with a rebound.
12:00 of 2nd period - Wrist shot by Jesper Bratt.
12:00 of 2nd period - Goal by Jesper Bratt - Colorado Rockies : 1 - Arizona Coyotes : 0.
12:01 of 2nd period - Evgeny Kuznetsov wins face-off versus Charlie Coyle in neutral zone.
13:45 of 2nd period - Snap shot by Claude Giroux.
13:45 of 2nd period - Shot Blocked by Kevin Hayes.
14:21 of 2nd period - Snap shot by David Pastrnak.
14:21 of 2nd period - Stopped by Carter Hart with a rebound.
14:45 of 2nd period - Snap shot by Kyle Palmieri.
14:45 of 2nd period - Stopped by Carter Hart with a rebound.
14:47 of 2nd period - Wrist shot by Nick Bonino.
14:47 of 2nd period - Stopped by Carter Hart without a rebound.
14:48 of 2nd period - Charlie Coyle wins face-off versus Ryan O'Reilly in Arizona Coyotes zone.
14:56 of 2nd period - Wrist shot by Nikita Kucherov.
14:56 of 2nd period - Shot Misses the Net.
14:58 of 2nd period - Slapshot by Nikita Zadorov.
14:58 of 2nd period - Deflect By Claude Giroux.
14:58 of 2nd period - Stopped by Carter Hart without a rebound.
14:59 of 2nd period - Tim Stutzle wins face-off versus Charlie Coyle in Arizona Coyotes zone.
15:00 of 2nd period - Snap shot by Jesper Bratt.
15:00 of 2nd period - Stopped by Carter Hart with a rebound.
15:10 of 2nd period - Snap shot by David Pastrnak.
15:10 of 2nd period - Shot Blocked by Charlie Coyle.
15:37 of 2nd period - Slapshot by Brayden McNabb.
15:37 of 2nd period - Stopped by Joey Daccord with a rebound.
15:39 of 2nd period - Wrist shot by Jakob Silfverberg.
15:39 of 2nd period - Deflect By Andrew Peeke.
15:39 of 2nd period - Shot Misses the Net.
15:39 of 2nd period - Puck is out of play.
15:40 of 2nd period - Tim Stutzle wins face-off versus Tyler Seguin in Colorado Rockies zone.
16:13 of 2nd period - Snap shot by Mats Zuccarello.
16:13 of 2nd period - Stopped by Joey Daccord without a rebound.
16:14 of 2nd period - Ryan O'Reilly wins face-off versus Charlie Coyle in Colorado Rockies zone.
16:14 of 2nd period - Ryan O'Reilly is hit by Matt Dumba.
17:10 of 2nd period - Evgeny Kuznetsov is hit by Radko Gudas and loses puck.
17:21 of 2nd period - Snap shot by James van Riemsdyk.
17:21 of 2nd period - Deflect By Brandon Tanev.
17:21 of 2nd period - Shot Blocked by Quinn Hughes.
17:21 of 2nd period - Puck is out of play.
17:22 of 2nd period - Nick Bonino wins face-off versus Alex Belzile in Colorado Rockies zone.
17:27 of 2nd period - Snap shot by Michael Bunting.
17:27 of 2nd period - Goal by Michael Bunting - Colorado Rockies : 2 - Arizona Coyotes : 0.
17:28 of 2nd period - Ryan O'Reilly wins face-off versus Charlie Coyle in neutral zone.
17:35 of 2nd period - Slapshot by Nikita Kucherov.
17:35 of 2nd period - Shot Blocked by Brayden McNabb.
17:43 of 2nd period - Wrist shot by Nikita Kucherov.
17:43 of 2nd period - Shot Misses the Net.
18:38 of 2nd period - Icing by Nick Schmaltz.
18:39 of 2nd period - Nick Bonino wins face-off versus Alex Belzile in Colorado Rockies zone.
18:54 of 2nd period - Wrist shot by Brandon Tanev.
18:54 of 2nd period - Stopped by Joey Daccord without a rebound.
18:55 of 2nd period - Ryan O'Reilly wins face-off versus Mats Zuccarello in Colorado Rockies zone.
19:06 of 2nd period - Snap shot by Nikita Kucherov.
19:06 of 2nd period - Shot Blocked by Brayden McNabb.
19:08 of 2nd period - Slapshot by Vince Dunn.
19:08 of 2nd period - Stopped by Carter Hart without a rebound.
19:09 of 2nd period - Tim Stutzle wins face-off versus Charlie Coyle in Arizona Coyotes zone.
19:20 of 2nd period - Snap shot by Charlie Coyle.
19:20 of 2nd period - Deflect By Mats Zuccarello.
19:20 of 2nd period - Shot Misses the Net.
19:20 of 2nd period - Puck is out of play.
19:21 of 2nd period - Charlie Coyle wins face-off versus Ryan O'Reilly in Colorado Rockies zone.
19:23 of 2nd period - Minor Penalty to Quinn Hughes for Interference.
19:24 of 2nd period - Nick Bonino wins face-off versus Charlie Coyle in Colorado Rockies zone.
19:36 of 2nd period - Off-side.
19:37 of 2nd period - Ryan O'Reilly wins face-off versus Charlie Coyle in neutral zone.
Goals for this period are 2 for Colorado Rockies vs 0 for Arizona Coyotes.
Shots for this period are 15 for Colorado Rockies vs 8 for Arizona Coyotes.
3rd period
0:01 of 3rd period - Charlie Coyle wins face-off versus Nick Bonino in neutral zone.
0:14 of 3rd period - Slapshot by Dmitry Orlov.
0:14 of 3rd period - Shot Blocked by Andrew Peeke.
0:16 of 3rd period - Slapshot by Dmitry Orlov.
0:16 of 3rd period - Deflect By Nick Schmaltz.
0:16 of 3rd period - Goal by Dmitry Orlov - Colorado Rockies : 2 - Arizona Coyotes : 1.
0:17 of 3rd period - Charlie Coyle wins face-off versus Ryan O'Reilly in neutral zone.
0:31 of 3rd period - Minor Penalty to Quinn Hughes for Tripping.
0:32 of 3rd period - Nick Bonino wins face-off versus Mats Zuccarello in Colorado Rockies zone.
0:44 of 3rd period - Snap shot by Claude Giroux.
0:44 of 3rd period - Stopped by Joey Daccord with a rebound.
0:46 of 3rd period - Slapshot by Dmitry Orlov.
0:46 of 3rd period - Stopped by Joey Daccord with a rebound.
0:48 of 3rd period - Wrist shot by Brayden McNabb.
0:48 of 3rd period - Shot Misses the Net.
1:02 of 3rd period - Backhand shot by Dmitry Orlov.
1:02 of 3rd period - Goal by Dmitry Orlov - Colorado Rockies : 2 - Arizona Coyotes : 2.
1:03 of 3rd period - Charlie Coyle wins face-off versus Tim Stutzle in neutral zone.
1:06 of 3rd period - Wrist shot by Claude Giroux.
1:06 of 3rd period - Stopped by Joey Daccord without a rebound.
1:07 of 3rd period - Charlie Coyle wins face-off versus Tim Stutzle in Colorado Rockies zone.
1:38 of 3rd period - Brayden McNabb is hit by Victor Hedman and loses puck.
1:59 of 3rd period - Wrist shot by Evgeny Kuznetsov.
1:59 of 3rd period - Shot Blocked by Jani Hakanpaa.
2:22 of 3rd period - Icing by Vince Dunn.
2:23 of 3rd period - Charlie Coyle wins face-off versus Nick Bonino in Colorado Rockies zone.
2:40 of 3rd period - Slapshot by Andrew Peeke.
2:40 of 3rd period - Stopped by Carter Hart with a rebound.
2:42 of 3rd period - Slapshot by Vince Dunn.
2:42 of 3rd period - Deflect By Michael Bunting.
2:42 of 3rd period - Stopped by Carter Hart with a rebound.
2:44 of 3rd period - Snap shot by Michael Bunting.
2:44 of 3rd period - Deflect By Mats Zuccarello.
2:44 of 3rd period - Shot Misses the Net.
2:44 of 3rd period - Puck is out of play.
2:45 of 3rd period - Tyler Seguin wins face-off versus Tim Stutzle in Arizona Coyotes zone.
2:57 of 3rd period - Minor Penalty to Nikita Zadorov for Tripping.
2:58 of 3rd period - Charlie Coyle wins face-off versus Nick Bonino in Colorado Rockies zone.
3:24 of 3rd period - Mason McTavish is hit by Martin Fehervary and loses puck.
4:57 of 3rd period - Penalty to Nikita Zadorov is over, Nikita Zadorov is back on ice.
5:11 of 3rd period - Snap shot by Kyle Connor.
5:11 of 3rd period - Shot Misses the Net.
5:15 of 3rd period - Wrist shot by Nikita Kucherov.
5:15 of 3rd period - Shot Misses the Net.
5:17 of 3rd period - Snap shot by Kyle Connor.
5:17 of 3rd period - Shot Misses the Net.
5:19 of 3rd period - Snap shot by Nikita Kucherov.
5:19 of 3rd period - Stopped by Carter Hart without a rebound.
5:20 of 3rd period - Alex Belzile wins face-off versus Evgeny Kuznetsov in Arizona Coyotes zone.
5:20 of 3rd period - Alex Belzile is hit by Kevin Hayes.
5:29 of 3rd period - Minor Penalty to Evgeny Kuznetsov for Hooking.
5:30 of 3rd period - Charlie Coyle wins face-off versus Ryan O'Reilly in Colorado Rockies zone.
6:03 of 3rd period - Snap shot by Tyler Seguin.
6:03 of 3rd period - Shot Blocked by Nick Bonino.
6:05 of 3rd period - Snap shot by Tyler Seguin.
6:05 of 3rd period - Shot Misses the Net.
7:29 of 3rd period - Penalty to Evgeny Kuznetsov is over, Evgeny Kuznetsov is back on ice.
7:31 of 3rd period - Jesper Bratt is hit by Brandon Tanev and loses puck.
7:52 of 3rd period - Snap shot by Evgeny Kuznetsov.
7:52 of 3rd period - Stopped by Carter Hart with a rebound.
7:54 of 3rd period - Snap shot by Evgeny Kuznetsov.
7:54 of 3rd period - Shot Misses the Net.
7:56 of 3rd period - Wrist shot by Nick Bonino.
7:56 of 3rd period - Stopped by Carter Hart with a rebound.
7:58 of 3rd period - Slapshot by Martin Fehervary.
7:58 of 3rd period - Shot Blocked by James van Riemsdyk.
8:02 of 3rd period - Snap shot by Nick Bonino.
8:02 of 3rd period - Stopped by Carter Hart with a rebound.
8:04 of 3rd period - Wrist shot by Nick Bonino.
8:04 of 3rd period - Stopped by Carter Hart without a rebound.
8:05 of 3rd period - Erik Haula wins face-off versus Ryan O'Reilly in Arizona Coyotes zone.
8:07 of 3rd period - Minor Penalty to Erik Haula for Hooking.
8:08 of 3rd period - Tim Stutzle wins face-off versus Charlie Coyle in Arizona Coyotes zone.
10:07 of 3rd period - Penalty to Erik Haula is over, Erik Haula is back on ice.
10:24 of 3rd period - Wrist shot by Alex Belzile.
10:24 of 3rd period - Stopped by Joey Daccord with a rebound.
10:26 of 3rd period - Snap shot by Brandon Tanev.
10:26 of 3rd period - Stopped by Joey Daccord with a rebound.
10:28 of 3rd period - Slapshot by Radko Gudas.
10:28 of 3rd period - Stopped by Joey Daccord with a rebound.
10:40 of 3rd period - Matt Dumba is hit by Nick Bonino and loses puck.
12:06 of 3rd period - Off-side.
12:07 of 3rd period - Alex Belzile wins face-off versus Tim Stutzle in neutral zone.
12:16 of 3rd period - Slapshot by Dmitry Orlov.
12:16 of 3rd period - Stopped by Joey Daccord with a rebound.
12:32 of 3rd period - Tyler Seguin is hit by Evgeny Kuznetsov and loses puck.
12:59 of 3rd period - Snap shot by Kyle Palmieri.
12:59 of 3rd period - Stopped by Carter Hart with a rebound.
13:01 of 3rd period - Snap shot by Michael Bunting.
13:01 of 3rd period - Shot Misses the Net.
13:03 of 3rd period - Wrist shot by Andrew Peeke.
13:03 of 3rd period - Stopped by Carter Hart without a rebound.
13:04 of 3rd period - Charlie Coyle wins face-off versus Ryan O'Reilly in Arizona Coyotes zone.
14:02 of 3rd period - Snap shot by Kyle Palmieri.
14:02 of 3rd period - Shot Blocked by Jakob Silfverberg.
14:04 of 3rd period - Snap shot by Nick Bonino.
14:04 of 3rd period - Stopped by Carter Hart with a rebound.
14:06 of 3rd period - Slapshot by Victor Hedman.
14:06 of 3rd period - Deflect By Kyle Palmieri.
14:06 of 3rd period - Shot Misses the Net.
14:06 of 3rd period - Puck is out of play.
14:07 of 3rd period - Ryan O'Reilly wins face-off versus Charlie Coyle in Arizona Coyotes zone.
14:07 of 3rd period - Minor Penalty to Nikita Kucherov for Charging.
14:08 of 3rd period - Charlie Coyle wins face-off versus Ryan O'Reilly in Colorado Rockies zone.
14:21 of 3rd period - Wrist shot by Mats Zuccarello.
14:21 of 3rd period - Goal by Mats Zuccarello - Colorado Rockies : 2 - Arizona Coyotes : 3.
14:22 of 3rd period - Ryan O'Reilly wins face-off versus Charlie Coyle in neutral zone.
14:51 of 3rd period - Slapshot by Ondrej Palat.
14:51 of 3rd period - Shot Blocked by Quinn Hughes.
14:53 of 3rd period - Snap shot by Ondrej Palat.
14:53 of 3rd period - Stopped by Joey Daccord without a rebound.
14:54 of 3rd period - Erik Haula wins face-off versus Tim Stutzle in Colorado Rockies zone.
15:03 of 3rd period - Wrist shot by Ondrej Palat.
15:03 of 3rd period - Deflect By Jakob Silfverberg.
15:03 of 3rd period - Stopped by Joey Daccord with a rebound.
15:05 of 3rd period - Snap shot by Ondrej Palat.
15:05 of 3rd period - Shot Misses the Net.
15:07 of 3rd period - Wrist shot by Erik Haula.
15:07 of 3rd period - Shot Misses the Net.
15:09 of 3rd period - Snap shot by Jani Hakanpaa.
15:09 of 3rd period - Stopped by Joey Daccord with a rebound.
16:37 of 3rd period - Radko Gudas is hit by Nikita Kucherov and loses puck.
18:41 of 3rd period - Colorado Rockies, Joey Daccord is pulled from the net.
18:57 of 3rd period - Slapshot by Kyle Connor.
18:57 of 3rd period - Deflect By Ryan O'Reilly.
18:57 of 3rd period - Stopped by Carter Hart without a rebound.
18:58 of 3rd period - Bruce Cassidy call a timeout for Colorado Rockies.
18:58 of 3rd period - Ryan O'Reilly wins face-off versus Charlie Coyle in Arizona Coyotes zone.
19:27 of 3rd period - Snap shot by Nikita Kucherov.
19:27 of 3rd period - Shot Misses the Net.
19:43 of 3rd period - Snap shot by Kyle Connor.
19:43 of 3rd period - Shot Blocked by Brayden McNabb.
19:55 of 3rd period - Wrist shot by Claude Giroux.
19:55 of 3rd period - Shot Misses the Net.
19:57 of 3rd period - Wrist shot by Brayden McNabb.
19:57 of 3rd period - Shot Blocked by Quinn Hughes.
19:59 of 3rd period - Snap shot by Charlie Coyle.
19:59 of 3rd period - Goal by Charlie Coyle - Colorado Rockies : 2 - Arizona Coyotes : 4.
19:59 of 3rd period - Joey Daccord from Colorado Rockies was sent back in the game.
Goals for this period are 0 for Colorado Rockies vs 4 for Arizona Coyotes.
Shots for this period are 11 for Colorado Rockies vs 14 for Arizona Coyotes.
Back to the Top